 Dungeon Crawl Stone Soup version 0.21.1-1-g345015f (webtiles) character file.

36430 Hasart the Cleaver (level 13, -18/116 HPs)
             Began as a Minotaur Fighter on Mar 29, 2018.
             Was a High Priest of Wu Jian.
             Killed from afar by a fire dragon (51 damage)
             ... with a blast of flame
             ... on level 15 of the Dungeon.
             The game lasted 00:44:31 (17536 turns).

Hasart the Cleaver (Minotaur Fighter)              Turns: 17536, Time: 00:44:32

Health: -18/116    AC: 22    Str: 28    XL:     13   Next: 53%
Magic:  0/17       EV: 13    Int: 11    God:    Wu Jian [*****.]
Gold:   743        SH: 15    Dex: 15    Spells: 12/12 levels left

rFire    . . .     SeeInvis +   S - +7 war axe of the Exiled Princes {holy, Str+3 Int-4 Dex+4 SInv}
rCold    . . .     Gourm    .   p - +2 shield
rNeg     . . .     Faith    .   y - +3 plate armour {rPois}
rPois    +         Spirit   +   (helmet unavailable)
rElec    .         Reflect  .   x - +0 cloak of the Shining Light {Int+8}
rCorr    .         Harm     .   u - +1 pair of gloves of the Moon {Int+2}
MR       .....     Clarity  +   (no boots)
Stlth    ..........             C - amulet of guardian spirit
HPRegen  0.29/turn              s - ring of poison resistance
MPRegen  0.15/turn              W - ring of loudness (curse)

@: no status effects
A: retaliatory headbutt, claws 1, horns 3, clarity
a: Wall Jump, Serpent's Lash, Heavenly Storm, Renounce Religion


You were on level 15 of the Dungeon.
You worshipped Wu Jian.
Wu Jian was extremely pleased with you.
You were not hungry.

You visited 2 branches of the dungeon, and saw 16 of its levels.

You collected 942 gold pieces.
You spent 199 gold pieces at shops.

Inventory:

Hand Weapons
 h - a +2 war axe of electrocution
 E - a +1 morningstar
 S - the +7 war axe of the Exiled Princes (weapon) {holy, Str+3 Int-4 Dex+4 SInv}
   (You found it on level 11 of the Dungeon)

   It has been blessed by the Shining One to cause great damage to the undead
   and demons.
   It affects your strength (+3).
   It affects your intelligence (-4).
   It affects your dexterity (+4).
   It lets you see invisible.
Armour
 o - the +0 hat "Memner" {Dex+4}
   (You acquired it on level 14 of the Dungeon)

   It affects your dexterity (+4).
 p - a +2 shield (worn)
 q - a +0 pair of gloves
 u - the +1 pair of gloves of the Moon (worn) {Int+2}
   (You acquired it on level 14 of the Dungeon)

   It affects your intelligence (+2).
 x - the +0 cloak of the Shining Light (worn) {Int+8}
   (You bought it in a shop on level 4 of the Dungeon)

   It affects your intelligence (+8).
 y - a +3 plate armour of poison resistance (worn)
 G - a +0 ring mail of fire resistance
 I - quicksilver dragon scales
 M - a +2 hat of magic resistance
Jewellery
 g - a +1 ring of evasion
 s - a ring of poison resistance (left hand)
 C - an amulet of guardian spirit (around neck)
 F - an uncursed amulet of magic regeneration
 W - a cursed ring of loudness (right hand)
Wands
 H - a wand of iceblast (22)
 J - a wand of clouds (8)
 U - a wand of disintegration (16)
Scrolls
 e - a scroll of fog
 j - a scroll of enchant weapon
 l - 10 scrolls of teleportation
 n - 8 scrolls of identify
 t - 4 scrolls of amnesia
 B - 8 scrolls of remove curse
 V - a scroll of enchant armour
Potions
 c - 3 potions of flight
 d - 2 potions of might
 i - 2 potions of invisibility
 k - 2 potions of heal wounds
 v - 2 potions of agility
 A - 3 potions of curing
 D - 2 potions of lignification
 O - a potion of ambrosia
 Q - a potion of brilliance
Books
 b - a book of Changes

   Spells                             Type                      Level
   a - Beastly Appendage              Transmutation                1
   b - Sticks to Snakes               Transmutation                2
   c - Spider Form                    Transmutation/Poison         3
   d - Ice Form                       Ice/Transmutation            4
   e - Blade Hands                    Transmutation                5
 m - a book of Minor Magic

   Spells                             Type                      Level
   a - Magic Dart                     Conjuration                  1
   b - Blink                          Translocation                2
   c - Call Imp                       Summoning                    2
   d - Slow                           Hexes                        2
   e - Conjure Flame                  Conjuration/Fire             3
   f - Mephitic Cloud                 Conjuration/Poison/Air       3
 L - a book of Maledictions

   Spells                             Type                      Level
   a - Corona                         Hexes                        1
   b - Ensorcelled Hibernation        Hexes/Ice                    2
   c - Confuse                        Hexes                        3
   d - Tukima's Dance                 Hexes                        3
   e - Dazzling Spray                 Conjuration/Hexes            3
 T - a book of Flames

   Spells                             Type                      Level
   a - Flame Tongue                   Conjuration/Fire             1
   b - Throw Flame                    Conjuration/Fire             2
   c - Conjure Flame                  Conjuration/Fire             3
   d - Inner Flame                    Hexes/Fire                   3
   e - Sticky Flame                   Conjuration/Fire             4
   f - Fireball                       Conjuration/Fire             5
 Y - a book of Spatial Translocations

   Spells                             Type                      Level
   a - Blink                          Translocation                2
   b - Shroud of Golubria             Charms/Translocation         2
   c - Lesser Beckoning               Translocation                3
   d - Gell's Gravitas                Translocation                3
   e - Teleport Other                 Translocation                3
   f - Passage of Golubria            Translocation                4
Comestibles
 a - 6 chunks of flesh
 f - 31 rations


   Skills:
 + Level 11.4 Fighting
 * Level 14.9 Axes
 + Level 11.4 Armour
 + Level 10.0 Dodging
 + Level 11.4 Shields
 + Level 7.0 Evocations


You had 12 spell levels left.
You didn't know any spells.

Dungeon Overview and Level Annotations

Branches:
Dungeon (15/15)            Temple (1/1) D:5            Lair (0/6) D:10
    Orc (0/2) D:11         Vaults (0/5) D:14
 Depths: D:15

Altars:
Ashenzari
Cheibriados
Dithmenos
Elyvilon
Fedhas
Gozag
Hepliaklqana
Kikubaaqudgha
Makhleb
Nemelex Xobeh
Okawaru
Qazlal
Ru
Sif Muna
Trog
Uskayaw
Vehumet
Wu Jian
Xom
Yredelemnul
Zin
The Shining One
Beogh

Shops:
D:4 [   D:5 *   D:13 *   D:15 %


Innate Abilities, Weirdness & Mutations

You reflexively headbutt those who attack you in melee.
You have a pair of large horns on your head.
You have sharp fingernails.
You possess an exceptional clarity of mind.


Message History

The fire dragon barely misses you.
You slash the ice dragon! You headbutt the ice dragon.
The ice dragon is almost dead.
You hit the fire dragon. The ice dragon closely misses you.
You block the ice dragon's attack. The ice dragon tramples you!
* * * LOW HITPOINT WARNING * * *
You hold your ground!
Unknown command.
You slice the ice dragon!!
You kill the ice dragon!
The Council accepts your kill.
Your Dodging skill increases to level 10!
Your Evocations skill increases to level 7!
You hit the fire dragon but do no damage.
You block the fire dragon's attack. x2; The fire dragon barely misses you.
You barely miss the fire dragon.
The fire dragon is moderately wounded.
The fire dragon breathes flames at you. The blast of flame hits you!
You die...

#.##############
#.# #.# #.# #.#
#.#
..#########.#
.........D#.#
#.#######@#.#
##.#.### ######
#### #......#
##....# $$$$.
##.8..## #
.....##
..D...##...## #
######
#D....#### ## #
......######.##
###. #
$$$(.###..###.##
#... #
######...## ##.#
##...


You could see a fire dragon.

Vanquished Creatures
  Gastronok (D:10)
  Erolcha (D:9)
  An ice dragon (D:15)
  2 hydras
  2 two-headed ogres
  Erica (D:8)
  4 centaur warriors
  2 dancing weapons (D:14)
  The ghost of SaintRoka the Grappler, a novice TrMo of Cheibriados (D:8)
  3 unseen horrors
  An orc knight (D:15)
  A wolf spider zombie (D:15)
  Pikel (D:6)
  A deep elf mage (D:14)
  3 manticores
  3 ugly things (D:12)
  3 cyclopes
  Joseph (D:7)
  2 gargoyles
  A kobold demonologist (D:15)
  A komodo dragon (D:15)
  A tengu conjurer (D:13)
  2 trolls
  6 meliai (D:14)
  4 hippogriffs
  A dream sheep (shapeshifter) (D:15)
  5 slime creatures (D:15)
  2 vampires
  2 wraiths
  11 yaks (D:13)
  4 hogs (D:7)
  A human (D:7)
  Grum (D:10)
  A basilisk (shapeshifter) (D:12)
  4 wyverns
  4 vampire mosquitoes (D:14)
  A soldier ant (D:12)
  2 wargs (D:11)
  A water moccasin (D:11)
  An ice beast (D:7)
  3 sky beasts
  A black bear (D:11)
  3 phantoms
  3 eyes of draining
  12 orc warriors
  A slave (D:6)
  4 ogres
  4 wolves (D:10)
  11 centaurs
  4 crocodiles
  A big kobold (D:13)
  12 bullfrogs
  A wyvern skeleton (D:11)
  6 scorpions
  19 killer bees
  5 wights
  3 howler monkeys
  6 crimson imps
  A bullfrog zombie (D:12)
  4 jellies
  A quasit (D:11)
  4 centaur zombies
  12 orc priests
  10 orc wizards
  2 bullfrog skeletons
  2 centaur skeletons
  2 hounds (D:8)
  Jessica (D:3)
  3 iguanas
  12 worker ants
  2 hound skeletons
  A howler monkey skeleton (D:10)
  6 adders
  5 shadow imps
  3 oozes
  3 adder skeletons
  An adder zombie (D:9)
  3 worms
  A dart slug (D:1)
  7 leopard geckos
  76 orcs
  11 bats
  3 giant cockroaches
  16 goblins
  11 hobgoblins
  21 jackals
  17 kobolds
  6 quokkas
  7 frilled lizards
  A jackal skeleton (D:6)
  A quokka zombie (D:7)
  10 rats
455 creatures vanquished.

Vanquished Creatures (others)
  A crimson imp (D:15)
1 creature vanquished.

Grand Total: 456 creatures vanquished

Notes
Turn   | Place    | Note
-------+----------+-------------------------------------------
     0 | D:1      | Hasart the Minotaur Fighter began the quest for the Orb.
     0 | D:1      | Reached XP level 1. HP: 19/19 MP: 0/0
    44 | D:1      | Reached XP level 2. HP: 26/27 MP: 1/1
    80 | D:1      | Reached skill level 3 in Axes
   204 | D:1      | Reached skill level 1 in Dodging
   204 | D:1      | Reached XP level 3. HP: 33/33 MP: 2/2
   731 | D:2      | Found a bloodstained altar of Trog.
   773 | D:2      | Reached XP level 4. HP: 26/40 MP: 3/3
   917 | D:2      | Found a white marble altar of Elyvilon.
  1675 | D:3      | Noticed Jessica
  1684 | D:3      | Killed Jessica
  1684 | D:3      | Reached skill level 4 in Axes
  1684 | D:3      | Reached XP level 5. HP: 43/47 MP: 4/4
  2163 | D:4      | Found a white marble altar of Elyvilon.
  2338 | D:4      | Found a snail-covered altar of Cheibriados.
  2368 | D:4      | Found Sin Hi Ilog's Antique Armour Boutique.
  2383 | D:4      | Reached XP level 6. HP: 52/53 MP: 5/5
  2447 | D:4      | Bought a dazzling cloak for 199 gold pieces
  2452 | D:4      | Identified the +0 cloak of the Shining Light {Int+8} (You bought it in a shop on level 4 of the Dungeon)
  2956 | D:5      | Entered Level 5 of the Dungeon
  3053 | D:5      | Reached skill level 5 in Fighting
  3053 | D:5      | Reached skill level 5 in Axes
  3128 | D:5      | Found a staircase to the Ecumenical Temple.
  3152 | Temple   | Entered the Ecumenical Temple
  3332 | D:5      | Reached skill level 5 in Shields
  3344 | D:5      | Reached skill level 5 in Armour
  3387 | D:5      | Reached XP level 7. HP: 61/61 MP: 6/6
  3709 | D:5      | Found Vizuvod's Assorted Antiques.
  3712 | D:5      | Reached skill level 6 in Axes
  4066 | D:6      | Found a shattered altar of Ashenzari.
  4544 | D:6      | Reached XP level 8. HP: 48/70 MP: 7/7
  4638 | D:6      | Found a burning altar of Makhleb.
  4642 | D:6      | Found a glowing silver altar of Zin.
  4643 | D:6      | Noticed an angel
  4643 | D:6      | Noticed a blizzard demon
  4670 | D:6      | Reached skill level 7 in Axes
  4961 | D:6      | Noticed Pikel
  4970 | D:6      | Killed Pikel
  4970 | D:6      | Reached skill level 8 in Axes
  5167 | D:6      | Found a blossoming altar of Fedhas.
  5623 | D:7      | Reached skill level 5 in Dodging
  5633 | D:7      | Reached XP level 9. HP: 37/78 MP: 8/8
  5901 | D:7      | Noticed Joseph
  5916 | D:7      | Killed Joseph
  6195 | D:7      | Reached skill level 9 in Axes
  6554 | D:7      | Reached skill level 1 in Evocations
  6751 | D:7      | Reached skill level 10 in Axes
  6972 | D:8      | Noticed SaintRoka's ghost (novice TrMo)
  6985 | D:8      | Reached XP level 10. HP: 35/88 MP: 10/10
  6988 | D:8      | Killed SaintRoka's ghost
  6995 | D:8      | HP: 3/88 [killer bee (7)]
  7307 | D:9      | Found a roughly hewn altar of Beogh.
  7825 | D:9      | Found an opulent altar of Gozag.
  7864 | D:9      | Found an ornate altar of the Wu Jian Council.
  7872 | D:9      | Became a worshipper of the Wu Jian Council
  7876 | D:9      | Found a deep blue altar of Sif Muna.
  7876 | D:9      | Found a hazy altar of Hepliaklqana.
  7876 | D:9      | Found a sparkling altar of Nemelex Xobeh.
  7877 | D:9      | Found a shadowy altar of Dithmenos.
  8119 | D:9      | Noticed Erolcha
  8130 | D:9      | Killed Erolcha
  8589 | D:8      | Reached skill level 11 in Axes
  8781 | D:8      | Noticed Erica
  8789 | D:8      | Killed Erica
  8831 | D:8      | Found a roughly hewn altar of Beogh.
  8864 | D:8      | Reached * piety under Wu Jian
  9319 | D:10     | Entered Level 10 of the Dungeon
  9339 | D:10     | Noticed Gastronok
  9357 | D:10     | Killed Gastronok
  9357 | D:10     | Reached XP level 11. HP: 12/97 MP: 11/13
 10227 | D:10     | Found a staircase to the Lair.
 10315 | D:10     | Noticed Grum
 10342 | D:10     | Killed Grum
 10348 | D:10     | Reached skill level 12 in Axes
 10545 | D:10     | Got a transparent trident
 10561 | D:10     | Identified the +0 trident of Qecog {venom, rF+ rC+ Int+2} (You found it on level 10 of the Dungeon)
 10807 | D:11     | Noticed a two-headed ogre
 10808 | D:11     | Found a staircase to the Orcish Mines.
 10833 | D:11     | Killed a two-headed ogre
 10859 | D:11     | Reached ** piety under Wu Jian
 11229 | D:11     | Killed an unseen horror
 11750 | D:11     | Got a warped war axe
 11751 | D:11     | Identified the +7 war axe of the Exiled Princes {holy, Str+3 Int-4 Dex+4 SInv} (You found it on level 11 of the Dungeon)
 12114 | D:12     | Noticed a five-headed hydra
 12129 | D:12     | Killed a five-headed hydra
 12129 | D:12     | Reached skill level 5 in Evocations
 12160 | D:12     | Noticed an unseen horror
 12162 | D:12     | Killed an unseen horror
 12267 | D:12     | Noticed a red ugly thing
 12279 | D:12     | Killed a red ugly thing
 12281 | D:12     | Reached XP level 12. HP: 76/106 MP: 14/14
 12582 | D:12     | Reached skill level 13 in Axes
 12585 | D:12     | Reached skill level 10 in Fighting
 12592 | D:12     | Reached *** piety under Wu Jian
 12592 | D:12     | Reached skill level 10 in Shields
 12850 | D:12     | Reached skill level 10 in Armour
 13753 | D:13     | Found Juteack's Assorted Antiques.
 13880 | D:13     | Noticed a centaur warrior
 13887 | D:13     | Killed a centaur warrior
 14353 | D:13     | Noticed a two-headed ogre
 14358 | D:13     | Killed a two-headed ogre
 14433 | D:13     | Found a shadowy altar of Dithmenos.
 14455 | D:13     | Reached **** piety under Wu Jian
 14815 | D:14     | Found a gate to the Vaults.
 14821 | D:14     | Reached skill level 14 in Axes
 15110 | D:14     | Noticed a centaur warrior
 15117 | D:14     | Killed a centaur warrior
 15464 | D:14     | Reached XP level 13. HP: 74/115 MP: 16/16
 15794 | D:14     | Identified 3 scrolls of acquirement
 15795 | D:14     | Got a shimmering hat
 15806 | D:14     | Identified the +0 hat "Memner" {Dex+4} (You acquired it on level 14 of the Dungeon)
 15807 | D:14     | Got a pair of crude gloves
 15818 | D:14     | Identified the +1 pair of gloves of the Moon {Int+2} (You acquired it on level 14 of the Dungeon)
 15994 | D:14     | Found a blossoming altar of Fedhas.
 16160 | D:15     | Entered Level 15 of the Dungeon
 16985 | D:15     | Gained mutation: You possess an exceptional clarity of mind. [potion of mutation]
 16985 | D:15     | Gained mutation: You have sharp fingernails. [potion of mutation]
 16985 | D:15     | Gained mutation: You have a pair of large horns on your head. [potion of mutation]
 17160 | D:15     | Reached ***** piety under Wu Jian
 17178 | D:15     | Found Joshivao's Food Boutique.
 17515 | D:15     | Noticed a fire dragon
 17535 | D:15     | Reached skill level 10 in Dodging
 17536 | D:15     | Killed from afar by a fire dragon

Skill      XL: |  1  2  3  4  5  6  7  8  9 10 11 12 13 |
---------------+----------------------------------------+-----
Axes           | 3 4 5 6 8 10 11 12 14 | 14.9
Dodging        | 1 2 3 5 6 7 8 9 10 | 10.0
Fighting       | 4 5 6 7 9 10 11 | 11.4
Shields        | 4 5 6 7 9 10 11 | 11.4
Armour         | 4 5 6 7 9 10 11 | 11.4
Evocations     | 2 4 5 6 7 |  7.0

Action                   |  1- 3 |  4- 6 |  7- 9 | 10-12 | 13-15 || total
-------------------------+-------+-------+-------+-------+-------++-------
Melee: War axe           |    80 |   194 |   239 |   612 |   173 ||  1298
       Headbutt          |    13 |    28 |    44 |   146 |    58 ||   289
       Morningstar       |       |       |       |    10 |     7 ||    17
       Battleaxe         |       |       |       |     1 |       ||     1
Invok: Lunge             |       |       |       |    39 |    10 ||    49
       Whirlwind         |       |       |       |    20 |     2 ||    22
       Wall Jump         |       |       |       |    40 |     3 ||    43
Evoke: Wand              |       |       |     1 |     1 |       ||     2
  Use: Potion            |       |       |     2 |     3 |    10 ||    15
       Scroll            |       |       |       |    15 |     4 ||    19
 Stab: Sleeping          |       |       |       |     1 |       ||     1
       Confused          |       |       |       |     1 |       ||     1
  Eat: Chunk             |       |     8 |    12 |    20 |     7 ||    47
       Ration            |       |       |       |     2 |       ||     2
Armor: Scale mail        |    49 |    71 |    32 |       |       ||   152
       Ring mail         |       |       |    45 |    23 |       ||    68
       Quicksilver drago |       |       |       |   131 |       ||   131
       Plate armour      |       |       |       |       |    47 ||    47
Dodge: Dodged            |    33 |    54 |   104 |   203 |    70 ||   464
Block: Shield            |    57 |   129 |   202 |   349 |   124 ||   861
